Cogmind - Beta 13 @@@ ROGUE MODE // 2024.03.12 @ 22:40:59 Player: dur Result: Destroyed by L-31 Rogue with Katana Performance ------------- Evolutions (2) 1000 Regions Visited (3) 600 Robots Destroyed (11) 55 Value Destroyed (252) 252 Prototype IDs (0) 0 Alien Tech Used (0) 0 Bonus (0) 0 TOTAL SCORE: 1907 Bonus ------- None Cogmind --------- Core Integrity 0/550 Matter 258/300 Energy 99/100 System Corruption 0% Temperature Cool (14) Movement Core (50) Location -8/Materials Parts ------- > --- POWER (2) -------- (None) > --- PROPULSION (2) --- (None) > --- UTILITY (3) ------ (None) > --- WEAPON (4) ------- (None) > --- INVENTORY (5) ---- Light Ion Engine Small Laser Peak State ------------ > --- POWER ------------ Improved Ion Engine Reinforced Ion Engine > --- PROPULSION ------- Light Treads Light Treads > --- UTILITY ---------- Small Storage Unit Light Armor Plating Reactive Plating > --- WEAPON ----------- Beam Rifle Light Assault Rifle Assault Cannon Assault Cannon > --- INVENTORY -------- Light Ion Engine Small Laser [Rating: 20] Favorites ----------- Power Reinforced Ion Engine Engine Reinforced Ion Engine Propulsion Light Treads Treads Light Treads Utility Small Storage Unit Device Tractor Beam Storage Small Storage Unit Processor Transport Network Coupler Protection Reactive Plating Weapon Small Laser Energy Gun Small Laser Ballistic Gun Light Assault Rifle Ballistic Cannon Assault Cannon Build | -11 -10 -9 -8 ------- Run | Yrd Mat Mat Mat Slots Evolved 4 | . . 2 2 Power 1 | . . . 1 Propulsion . | . . . . Utility 1 | . . 1 . Weapon 2 | . . 1 1 Parts Attached 16 | 7 1 6 2 Power 3 | 1 1 . 1 Engine 3 | 1 1 . 1 Core . | . . . . Reactor . | . . . . Propulsion 2 | 2 . . . Treads 2 | 2 . . . Leg . | . . . . Wheel . | . . . . Hover . | . . . . Flight . | . . . . Utility 5 | 2 . 3 . Device 1 | 1 . . . Storage 1 | 1 . . . Processor 1 | . . 1 . Hackware . | . . . . Protection 2 | . . 2 . Artifact . | . . . . Weapon 6 | 2 . 3 1 Energy Gun 3 | 2 . 1 . Energy Cannon . | . . . . Ballistic Gun 1 | . . 1 . Ballistic Cannon 2 | . . 1 1 Launcher . | . . . . Special Weapon . | . . . . Impact Weapon . | . . . . Slashing Weapon . | . . . . Piercing Weapon . | . . . . Special Melee Weapon . | . . . . Unidentified Prototypes . | . . . . Parts Lost 10 | . . . 10 Power 2 | . . . 2 Propulsion 2 | . . . 2 Utility 2 | . . . 2 Weapon 4 | . . . 4 Highest Loss Streak 7 | . . . 7 To Critical Strikes . | . . . . Average Slot Usage (%) 91 | . 100 100 81 Engine 12 | . 14 11 11 Treads 20 | . 28 22 15 Device 4 | . 14 4 . Storage 10 | . 14 11 8 Protection 11 | . . 16 14 Energy Gun 14 | . 28 13 7 Ballistic Gun 7 | . . 11 7 Ballistic Cannon 9 | . . 8 15 Naked Turns 8 | . . . 8 Heaviest Build 49 | 11 18 37 49 Greatest Support 40 | 40 40 40 40 Greatest Overweight (x) 2 | . . . 2 Average Overweight (x) . | . . . . Largest Inventory Capacity 8 | 8 8 8 8 Average Capacity 7 | 6 8 8 7 Most Carried 4 | 2 3 4 3 Average Carried 1 | . 2 2 2 Final Capacity 8 | 8 8 8 5 Final Carried 3 | 1 3 3 2 Class Distribution -------------------- 50% | Mutant 45% | Tank 4% | Skirmisher Dominant Class ---------------- Mutant | -10/Materials Tank | -9/Materials Tank | -8/Materials Resources | -11 -10 -9 -8 ----------- Run | Yrd Mat Mat Mat Matter Collected 439 | 270 10 101 58 Remotely 93 | 20 10 63 . Salvage Created 399 | 117 13 224 45 Parts 21 | 5 2 12 2 Haulers Intercepted . | . . . . Recyclers Shooed . | . . . . Parts Field Recycled . | . . . . Retrieved Matter . | . . . . Parts Self-Destructed . | . . . . Prevented . | . . . . Kills | -11 -10 -9 -8 ------- Run | Yrd Mat Mat Mat Combat Hostiles Destroyed 5 | . . 4 1 Guns 4 | . . 4 . Cannons 1 | . . . 1 Classes Destroyed 6 | 2 . 3 1 Worker 2 | 1 1 . . Tunneler 1 | . . . 1 Recycler 1 | 1 . . . Watcher 2 | . . 2 . Grunt 3 | . . 2 1 Sentry 2 | . . 2 . Best Kill Streak 2 | 2 1 2 1 Combat Bots Only 2 | . . 2 1 Max Kills in Single Turn 1 | 1 1 1 1 Gunslinging . | . . . . Exploded . | . . . . Melee . | . . . . Uniques/NPCs Destroyed . | . . . . Combat | -11 -10 -9 -8 -------- Run | Yrd Mat Mat Mat Hostile Shots Fired 135 | . . 18 117 Missed 35 | . . 5 30 Damage Taken 1796 | . . 154 1642 Core 584 | . . 21 563 Absorbed by Shields . | . . . . Ignored by Resistances 13 | . . 13 . Core Remaining (%) 98 | 100 100 94 . Volleys Fired 34 | 5 7 16 6 Largest 4 | 2 2 3 4 Hottest 164 | 80 80 120 164 Shots Fired 95 | 10 14 48 23 Gun 72 | 10 14 37 11 Cannon 23 | . . 11 12 Launcher . | . . . . Special . | . . . . Kinetic 44 | . . 27 17 Thermal 51 | 10 14 21 6 Explosive . | . . . . Electromagnetic . | . . . . Robot Hit Streak 10 | 4 5 10 8 Robot Miss Streak 6 | 1 6 3 4 Penetration Max . | . . . . Secondary Targets . | . . . . Shots Hit Robots 54 | 7 3 29 15 Core Hits 20 | 3 2 11 4 Critical Kills . | . . . . Critical Parts Destroyed . | . . . . Critical Strikes 3 | . . 3 . Burn 3 | . . 3 . Melee Attacks . | . . . . Impact . | . . . . Slashing . | . . . . Piercing . | . . . . Sneak Attacks . | . . . . Combat Hostiles . | . . . . Follow-up Attacks . | . . . . Damage Inflicted 746 | 78 44 316 308 Guns 425 | 78 44 232 71 Cannons 289 | . . 68 221 Explosions . | . . . . Melee . | . . . . Ramming 32 | . . 16 16 Kinetic 369 | . . 121 248 Thermal 345 | 78 44 179 44 Explosive . | . . . . Electromagnetic . | . . . . Impact . | . . . . Slashing . | . . . . Piercing . | . . . . Highest Corruption . | . . . . Average Corruption . | . . . . Corruption Purged . | . . . . Corruption Blocked . | . . . . Overload Shots . | . . . . Overflow Damage 7 | . . . 7 Projectiles 7 | . . . 7 Explosions . | . . . . Melee . | . . . . Knockbacks 6 | . . . 6 Impact . | . . . . Kinetic 6 | . . . 6 Secondary . | . . . . Self-Inflicted Damage . | . . . . Shots . | . . . . Rammed 5 | . . 2 3 Targets Rammed 6 | . . 2 4 Kicked . | . . . . Crushed 1 | . . . 1 Highest Temperature 592 | 72 60 364 592 Average Temperature 169 | 33 26 113 346 Received Heat Transfer 777 | . . 66 711 Effects 24 | . . 2 22 Shutdowns 11 | . . 1 10 Energy Bleed 4 | . . . 4 Interference 1 | . . 1 . Matter Decay 2 | . . . 2 Short Circuit 2 | . . . 2 Damage (minor) 2 | . . . 2 Damage (major) 1 | . . . 1 Damage (core) 1 | . . . 1 Siege Activations . | . . . . Robots Corrupted . | . . . . Combat Hostiles . | . . . . Parts Fried . | . . . . Impact Corruptions . | . . . . Robots Melted . | . . . . Combat Hostiles . | . . . . Parts Melted 2 | . . 2 . Heat Transferred 1031 | 175 100 645 111 Parts Sabotaged . | . . . . Parts Stolen . | . . . . Parts Stripped . | . . . . Power Chain Reactions . | . . . . Alert | -11 -10 -9 -8 ------- Run | Yrd Mat Mat Mat Peak Influence 188 | 10 56 188 144 Initial 79 | . 6 23 79 Average 57 | 4 20 107 80 Maximum Alert Level . | . . . . Low Security (%) 100 | 100 100 100 100 Level 1 . | . . . . Level 2 . | . . . . Level 3 . | . . . . Level 4 . | . . . . Level 5 . | . . . . High Security . | . . . . Max Security . | . . . . Squads Dispatched 2 | . . 1 1 Investigation . | . . . . Extermination . | . . . . Reinforcement 2 | . . 1 1 Assault . | . . . . Garrison . | . . . . Intercept . | . . . . Searches Triggered . | . . . . Construction Impeded . | . . . . Haulers Reinforced . | . . . . Active Scanning Responses . | . . . . Cargo Convoy Interrupts . | . . . . Stealth | -11 -10 -9 -8 --------- Run | Yrd Mat Mat Mat Distress Signals 4 | . . 3 1 Communications Jammed . | . . . . Distress Signals . | . . . . Times Spotted 24 | . 3 8 13 Peak Tracking Total 10 | . 1 3 10 Tactical Retreats 2 | . . . 2 Traps | -11 -10 -9 -8 ------- Run | Yrd Mat Mat Mat Traps Triggered . | . . . . Indirectly . | . . . . Trap Hack Attempts . | . . . . Triggered . | . . . . Disarmed . | . . . . Reprogrammed . | . . . . Reused . | . . . . Traps Extracted . | . . . . Installed . | . . . . Triggered . | . . . . Machines | -11 -10 -9 -8 ---------- Run | Yrd Mat Mat Mat Machines Disabled . | . . . . Max in Single Turn . | . . . . Machines Repaired . | . . . . Machines Dismantled . | . . . . Machines Sabotaged . | . . . . Overloaded Fab Kills . | . . . . Hacking | -11 -10 -9 -8 --------- Run | Yrd Mat Mat Mat Machines Accessed 1 | . . 1 . Terminals . | . . . . Fabricators . | . . . . Repair Stations . | . . . . Recycling Units . | . . . . Scanalyzers 1 | . . 1 . Garrison Access . | . . . . Total Hacks 2 | . . 2 . Successful 2 | . . 2 . Failed . | . . . . Catastrophic . | . . . . Database Lockouts . | . . . . Manual . | . . . . Terminals . | . . . . Fabricators . | . . . . Repair Stations . | . . . . Recycling Units . | . . . . Scanalyzers 2 | . . 2 . Garrison Access . | . . . . Terminal Hacks . | . . . . Fabricator Hacks . | . . . . Repair Station Hacks . | . . . . Recycling Unit Hacks . | . . . . Scanalyzer 2 | . . 2 . Insert Component 1 | . . 1 . Analyze 1 | . . 1 . Garrison Access Hacks . | . . . . Unauthorized Hacks . | . . . . Terminals . | . . . . Fabricators . | . . . . Repair Stations . | . . . . Recycling Units . | . . . . Scanalyzers . | . . . . Garrison Access . | . . . . Data Cores Recovered . | . . . . Used . | . . . . Hacking Detections . | . . . . Full Trace Events . | . . . . Feedback Events . | . . . . Feedback Blocked . | . . . . Robot Schematics Acquired . | . . . . Robots Built . | . . . . Authchips . | . . . . Time . | . . . . Total Robot Build Rating . | . . . . Part Schematics Acquired 1 | . . 1 . Parts Built . | . . . . Authchips . | . . . . Time . | . . . . Total Part Build Rating . | . . . . Parts Repaired . | . . . . Time . | . . . . Parts Recycled . | . . . . Recycled Matter . | . . . . Retrieved Matter . | . . . . Retrieved Components . | . . . . Parts Scanalyzed 1 | . . 1 . Part Schematics Acquired 1 | . . 1 . Parts Damaged . | . . . . Bothacking | -11 -10 -9 -8 ------------ Run | Yrd Mat Mat Mat Used RIF Installer . | . . . . Robots Hacked . | . . . . Non-combat . | . . . . Combat . | . . . . Robot Hacks Applied . | . . . . Relay Couplers Released . | . . . . Fabnet Peak Effective % . | . . . . Robots Rewired . | . . . . Allies Hacked . | . . . . Hacks Repelled . | . . . . Allies | -11 -10 -9 -8 -------- Run | Yrd Mat Mat Mat Total Allies . | . . . . Largest Group . | . . . . Highest-Rated Group . | . . . . Highest-Rated Ally . | . . . . Total Orders . | . . . . Ally Attacks . | . . . . Total Damage . | . . . . Kills . | . . . . Allies Corrupted . | . . . . Allies Melted . | . . . . Intel | -11 -10 -9 -8 ------- Run | Yrd Mat Mat Mat Robot Analysis Total . | . . . . Derelict Logs Recovered . | . . . . Drone Launches . | . . . . Drone Recoveries . | . . . . Exploration | -11 -10 -9 -8 ------------- Run | Yrd Mat Mat Mat Turns Passed 1420 | 366 244 350 460 Spaces Moved 680 | 148 138 179 215 Core 35 | 4 . . 31 Treads 645 | 144 138 179 184 Legs . | . . . . Wheels . | . . . . Hover . | . . . . Flight . | . . . . Fastest Speed 50 | 50 160 160 50 Average Speed 171 | 157 160 160 199 Slowest Speed 320 | 160 160 160 320 Overloaded Moves . | . . . . Propulsion Burnouts . | . . . . Robots Hopped . | . . . . Cave-ins Triggered . | . . . . Exploration Rate (%) 19 | 11 22 22 22 Regions Visited 3 Branch Regions . Pre-discovered Areas . | . . . . Known Exits Taken . | . . . . Unknown Exits Taken 3 | 1 1 1 . Scrap Searched . | . . . . Spaces Dug . | . . . . Terrain Destroyed 5 | . . 5 . Melee . | . . . . Projectile 5 | . . 5 . AOE . | . . . . Terrain Rammed . | . . . . Walls Destroyed . | . . . . Machines Disabled . | . . . . Actions | -11 -10 -9 -8 --------- Run | Yrd Mat Mat Mat Total 857 | 272 147 210 228 Wait 105 | 105 . . . Move 677 | 147 137 178 215 Hop . | . . . . Pick Up 16 | 8 2 5 1 Fast Attach . | . . . . Attach 14 | 7 . 5 2 Detach . | . . . . Swap 2 | . 1 1 . Drop 3 | . . 3 . Fire 34 | 5 7 16 6 Melee . | . . . . Ram . | . . . . Kick . | . . . . Crush 6 | . . 2 4 Escape Stasis . | . . . . Rewire . | . . . . Trap . | . . . . Miscellaneous . | . . . . Route ------- -11/Scrapyard -10/Materials -9/Materials -8/Materials History --------- Turn | Location | Event 109 | -11/Scrapyard | Discovered new exit (range 16) 367 | -11/Scrapyard | Entered Materials 368 | -10/Materials | Build established: Mutant 586 | -10/Materials | Discovered new exit (range 13) 611 | -10/Materials | Entered another Materials area 611 | -9/Materials | Evolved 2 slots: Utility x1, Weapon x1 950 | -9/Materials | Discovered new exit (range 5) 961 | -9/Materials | Entered another Materials area 961 | -8/Materials | Evolved 2 slots: Power x1, Weapon x1 963 | -8/Materials | Build established: Tank 1391 | -8/Materials | Lost 7 parts (2p1n1u3w) 1402 | -8/Materials | Core integrity fell below 50% 1418 | -8/Materials | Core integrity fell below 20% 1421 | -8/Materials | Destroyed by L-31 Rogue with Katana Last Messages --------------- 01337_ Acquired 6 matter. 01338_ Reactive Plating destroyed. 01339_ Acquired 3 matter. 01342_ Acquired 4 matter. 01346_ Rnf. Ion Engine destroyed. 01350_ R-06 Scavenger collects Lgt. Armor Plating. 01356_ W-25 Informer sends out distress signal. 01360_ Broken Lgt. Assault Rifle destroyed. 01370_ T-07 Excavator is excavating. 01382_ Crushed T-07 Excavator. 01382_ T-07 Excavator destroyed. 01383_ U-05 Engineer lays Concrete. 01383_ T-07 Excavator is excavating. 01384_ U-05 Engineer lays Concrete. 01387_ Slammed into K-01 Serf. 01395_ Broken Assault Cannon destroyed. 01397_ Lgt. Treads destroyed. 01413_ Sml. Storage Unit destroyed. 01420_ Critical hit (Burn: +37). Map ----- +----------------------------------------------------+ | | | | | | | | | | | | | | | | | | | | | | | | | | | | | ?????????????????????????????????????????????????? | | ?????????????????????????????????????????????????? | | ?????????????????????????????????????????????????? | | ?????????????????????????????????????????????????? | | ?????????????????????????????????????????????????? | | ?????????????????????????????????????????????????? | | ???????????????????###########???????????????????? | | ???????????????????# !#???????????????????? | | ???????????????????# #???????????????????? | | ???????????????????# [ #???????????????????? | | ???????????????????# #???????????????????? | | ???????????????????# l@ #???????????????????? | | ???????????????????# g #???????????????????? | | ???????????????????# ggg #???????????????????? | | ???????????????????# #?????????#??#??????? | | ????????????????########g###########?? ?????? | | ????????????????# #?"" ??????? | | ???????????????## #""" #????? | | ???????? #""" #????? | | ???????? + #????? | | ???????? """ """ #""" #????? | | ????????? ## """ """ ###### #??" #????? | | ??????????????""" """ k #?# # #???? ??????? | | ?????????????? ###??# #?????????????? | | ?????????????? #????# # #???????????### | | ????????????? ""? """ #????### #???????????# | | ????????????????" """ "??????# #???????????#"" | | ????????????????" """ T??????# #???????????#"" | | ???????????????? ??? "??????# #???????????#"" | | ???????????????????? #??????# #???????????# | | ???????????????????""" #??????# #???????????#"" | | ?????????????????????" #??????# #???????????#"" | | ?????????????????????" #??????# #???????????#"" | | ?????????????????????? ???????# #???????????# | | ?????????????????????????????????# ##########??### | | ?????????????????????????????????# #????? | +----------------------------------------------------+ Best States ------------- Heat Dissipation 31 Energy Generation 19 Energy Capacity 430 Matter Stores 300 Matter Capacity 300 Sight Range 16 Terrain Scan Density 10 Armor Coverage 300 Resistance: KI 20 Evasion (%) 50 Recoil Reduction 2 Item Schematics ----------------- Lgt. Ion Engine | -9/Materials | Scanalyzed Robot Schematics ------------------ None Fabricated ------------ Nothing Alien Tech Used ----------------- None Achievements -------------- None Challenges ------------ None Game ------ Seed IntegrityCargoAnalyzer Manual? 0 Play Time 00:15:29 Cumulative 1.2 hours Start 2024.03.12 @ 22:27:28 End 2024.03.12 @ 22:40:59 Sessions 1 Manual Loads 0 Difficulty Rogue Special Mode None Game No. 5 Rogue 5 Adventurer 0 Explorer 0 Win Type - Total 0 Types 0/0/0/0/0/0/0/0/0 Lore% 0 Gallery% 3 Achievement% 6 Wizard Run 0 Options --------- Layout 1 ASCII 0 Keyboard 0 Movement Arrows Keybinds 0 Fullscreen 1 Font 24/Smallcaps Map View 50x35 Zoom Use 97% Tactical HUD 1 Map Filters NONE Filters NONE Steam 1 RUN: 715a78c4-0570-4cb2-aa98-a190ae3176b8